 Dungeon Crawl Stone Soup version 0.31-a0-256-g80acddb972 (webtiles) character file.

Game seed: 1769088521412934110

2359 Locuples the Cleaver (level 9, -12/75 HPs)
             Began as a Minotaur Fighter on July 13, 2023.
             Mangled by a gnoll sergeant
             ... wielding a +1 antimagic trident
              (14 damage)
             ... on level 7 of the Dungeon.
             The game lasted 00:13:50 (6592 turns).

Locuples the Cleaver (Minotaur Fighter)             Turns: 6592, Time: 00:13:50

Health: -12/75     AC:  9    Str: 26    XL:     9   Next: 20%
Magic:  0/8        EV: 12    Int: 11    God:
Gold:   171        SH:  5    Dex: 15    Spells: 8/8 levels left

rFire   . . .        a - +0 war axe
rCold   . . .        c - +0 buckler
rNeg    . . .        A - +3 ring mail of Toothy Knowledge {Slay+2}
rPois   .            (helmet currently unavailable)
rElec   .            x - melded +0 cloak
rCorr   .            o - melded +0 pair of gloves
SInv    .            (boots currently unavailable)
Will    .....        (no amulet)
Stlth   +            m - +6 ring of intelligence
HPRegen 0.32/turn    z - +6 ring of dexterity
MPRegen 0.11/turn

%: no passive effects
@: beast-form
A: beast (slay +0), horns 2, retaliatory headbutt
a: no special abilities


You were on level 7 of the Dungeon.
You were a hulking beast.
You visited 1 branch of the dungeon, and saw 7 of its levels.
You also visited: Sewer.

You collected 432 gold pieces.
You spent 261 gold pieces at shops.

Inventory:

Hand Weapons
 a - a +0 war axe (weapon)
Armour
 c - a +0 buckler (worn)
 o - a +0 pair of gloves (melded)
 x - a +0 cloak (melded)
 A - the +3 ring mail of Toothy Knowledge (worn) {Slay+2}
   (You bought it in a shop on level 6 of the Dungeon)

   Slay:      It affects your accuracy & damage with ranged weapons and melee
   (+2).
Jewellery
 m - a +6 ring of intelligence (left hand)
 z - a +6 ring of dexterity (right hand)
Talismans
 s - a beast talisman
Wands
 n - a wand of iceblast (22)
 w - a wand of polymorph (9)
Scrolls
 e - 2 scrolls of brand weapon {unknown}
 f - 4 scrolls of fog {unknown}
 g - 3 scrolls of teleportation {unknown}
 j - a scroll of revelation {unknown}
 p - 2 scrolls of enchant armour {unknown}
 q - 3 scrolls of noise {unknown}
 v - a scroll of fear {unknown}
 y - 8 scrolls of identify {unknown}
Potions
 b - a potion of magic {unknown}
 d - a potion of might
 h - a potion of heal wounds {unknown}
 i - a potion of ambrosia {unknown}
 k - a potion of mutation {unknown}
 l - 3 potions of curing {unknown}
 r - 2 potions of brilliance {unknown}
 t - a potion of attraction {unknown}
 u - a potion of lignification {unknown}


   Skills:
 + Level 6.0 Fighting
 * Level 11.5 Axes
 + Level 7.3 Armour
 + Level 2.9 Dodging
 + Level 5.1 Shields
 - Level 0.2 Shapeshifting


You had 8 spell levels left.
You didn't know any spells.
Your spell library contained the following spells:

 Spells                   Type           Power      Damage    Failure   Level
 Sandblast                Erth           0%         2d4       52%         1
 Slow                     Hex            0%         N/A       52%         1
 Passwall                 Tmut/Erth      0%         N/A       65%         2
 Poisonous Vapours        Pois/Air       0%         N/A       65%         2
 Confusing Touch          Hex            0%         N/A       87%         3
 Gell's Gravitas          Tloc           0%         N/A       87%         3
 Mephitic Cloud           Conj/Pois/Air  0%         N/A       87%         3
 Stone Arrow              Conj/Erth      0%         3d7       87%         3
 Teleport Other           Tloc           0%         N/A       87%         3
 Vampiric Draining        Necr           0%         2d6       87%         3
 Freezing Cloud           Conj/Ice/Air   0%         6-21      100%        5
 Dispersal                Tloc           0%         N/A       100%        6


Dungeon Overview and Level Annotations

Branches:
Dungeon (7/15)             Temple (0/1) D:5           Sewer (visited)

Altars:
Gozag
Qazlal
Ru
Trog
Uskayaw

Shops:
D:2 :   D:6 [

Annotations:
D:7 1 transporter, zdzicho121's ghost, novice DECj


Innate Abilities, Weirdness & Mutations

You are a hulking beast.
Your limbs bulge with bestial killing power. (Slay +0)
You have a pair of horns on your head.
You reflexively headbutt those who attack you in melee.


Message History

The moth of wrath closely misses you. You furiously retaliate!
You headbutt the moth of wrath! The moth of wrath bites you.
The moth of wrath goads the gnoll sergeant on!
The gnoll sergeant goes berserk!
You block the gnoll sergeant's attack.
You closely miss the gnoll sergeant. You slash the moth of wrath!
You hit zdzicho121's ghost. The gnoll sergeant closely misses you.
You block the moth of wrath's attack.
Zdzicho121's ghost hits you but does no damage.
You block the gnoll sergeant's attack. The gnoll sergeant blocks your attack.
You closely miss zdzicho121's ghost. You slash the moth of wrath!
You block the gnoll sergeant's attack. The moth of wrath barely misses you.
The gnoll sergeant hits you with a +1 antimagic trident!
You feel your power leaking away. Zdzicho121's ghost barely misses you.
You block the gnoll sergeant's attack.
The orc warrior shouts!
You hit the gnoll sergeant.
Your headbutt misses the gnoll sergeant.
The gnoll sergeant is lightly wounded.
You slash the moth of wrath!
You kill the moth of wrath!
You hit zdzicho121's ghost.
The gnoll sergeant hits you with a +1 antimagic trident!!
Zdzicho121's ghost points at you and mumbles some strange words.
The magic dart hits you! The gnoll sergeant barely misses you.
Your Fighting skill increases to level 6!
You slice zdzicho121's ghost!!
Zdzicho121's ghost is heavily damaged.
You hit the gnoll sergeant but do no damage.
The gnoll sergeant hits you with a +1 antimagic trident!!
* * * LOW HITPOINT WARNING * * *
Zdzicho121's ghost wails, "What do you have that I didn't have?"
Zdzicho121's ghost barely misses you. You furiously retaliate!
You headbutt zdzicho121's ghost!
The gnoll sergeant hits you but does no damage.
You closely miss the gnoll sergeant. The gnoll sergeant blocks your attack.
The gnoll sergeant is lightly wounded.
You hit zdzicho121's ghost.
The gnoll sergeant hits you with a +1 antimagic trident!
You die...

####...#..# .....
##..#...###### ..........#
###..## #......†.....
####.....###
§#.###.##.....#####.
#..#..#.###$[.≈#..#....##
#.##..#©...._.##..#....####
#...#..#...#.o.....#.......#
#..##..##..#§#..g.##...###.#
#.###...#..##.Wg..#.... #.#
#.
##..###...h..##..#.###.###.
#.
#...###.©.###...#.........
##....#####....######.####
##.....©....## #.#
###.##.....### #.#
....>....#.# #######.#
###.###.##.####.......# #.#
#.........#######
#.######.######


You could see an orc warrior, 2 gnoll sergeants and zdzicho121's ghost.

Vanquished Creatures
  A moth of wrath (D:7)
  A black bear (D:5)
  An orc warrior (D:7)
  A sky beast (D:7)
  2 ice beasts (D:6)
  An ogre (D:6)
  2 centaurs
  A kobold brigand (Sewer)
  A bullfrog (D:4)
  2 scorpions (D:6)
  5 wights (D:5)
  2 howler monkeys
  2 jellies
  An orc priest (D:4)
  2 sleepcaps
  6 hounds
  2 iguanas (D:6)
  4 orc wizards (D:5)
  3 adders (Sewer)
  6 river rats (Sewer)
  A shadow imp (D:6)
  2 white imps
  An ufetubus (D:5)
  2 worms (D:4)
  4 dart slugs
  24 orcs
  12 ball pythons
  3 bats
  8 endoplasms
  5 giant cockroaches
  4 goblins
  6 hobgoblins
  A jackal (Sewer)
  13 kobolds
  5 quokkas
  5 frilled lizards
  13 rats
155 creatures vanquished.

Notes
Turn   | Place    | Note
-------+----------+-------------------------------------------
     0 | D:1      | Locuples the Minotaur Fighter began the quest for the Orb.
     0 | D:1      | Reached XP level 1. HP: 19/19 MP: 0/0
   195 | D:1      | Reached XP level 2. HP: 27/27 MP: 1/1
   315 | D:1      | Reached skill level 3 in Axes
   878 | D:2      | Reached XP level 3. HP: 33/33 MP: 2/2
   929 | D:2      | Found Acuenuro's Vocational Training.
  1051 | D:2      | Found an opulent altar of Gozag.
  1100 | D:2      | Noticed a golden eye
  1113 | D:2      | Found a faded altar of an unknown god.
  1115 | D:2      | Noticed a floating eye
  1120 | D:2      | Noticed a golden eye
  1123 | D:2      | Noticed an eye of devastation
  1370 | D:3      | Found a stormy altar of Qazlal.
  1504 | D:3      | Reached skill level 4 in Axes
  1504 | D:3      | Reached XP level 4. HP: 40/40 MP: 3/3
  2056 | D:4      | Reached skill level 1 in Dodging
  2093 | D:4      | Found a hide-covered altar of Uskayaw.
  2122 | D:4      | Reached XP level 5. HP: 12/46 MP: 4/4
  2124 | D:4      | Reached skill level 5 in Axes
  2406 | D:4      | Reached XP level 6. HP: 42/53 MP: 5/5
  2650 | D:4      | Found a glowing drain.
  2654 | D:4      | Reached skill level 6 in Axes
  2667 | Sewer    | Entered a sewer
  3330 | Sewer    | Reached skill level 7 in Axes
  3729 | D:5      | Entered Level 5 of the Dungeon
  3776 | D:5      | Reached skill level 5 in Armour
  3776 | D:5      | Reached XP level 7. HP: 57/60 MP: 6/6
  4141 | D:5      | Reached skill level 5 in Fighting
  4145 | D:5      | Reached skill level 8 in Axes
  4372 | D:5      | Reached XP level 8. HP: 53/68 MP: 7/7
  4501 | D:5      | Identified the +0 chain mail of Resourcefulness {rF- Int+5}
  4649 | D:5      | Found a sacrificial altar of Ru.
  4696 | D:5      | Found a staircase to the Ecumenical Temple.
  5160 | D:6      | Found Kidou's Antique Armour Boutique.
  5167 | D:6      | Reached skill level 9 in Axes
  5303 | D:6      | Bought a masterwork ring mail for 261 gold pieces
  5303 | D:6      | Identified the +3 ring mail of Toothy Knowledge {Slay+2}
                  | (You bought it in a shop on level 6 of the Dungeon)
  5681 | D:6      | Reached skill level 10 in Axes
  6381 | D:7      | Found a transporter.
  6383 | D:7      | Noticed a moth of wrath
  6388 | D:7      | Found a bloodstained altar of Trog.
  6397 | D:7      | Noticed zdzicho121's ghost (novice DECj)
  6443 | D:7      | Reached skill level 5 in Shields
  6550 | D:7      | Found a transporter.
  6567 | D:7      | Reached skill level 11 in Axes
  6567 | D:7      | Reached XP level 9. HP: 63/75 MP: 8/8
  6590 | D:7      | Killed a moth of wrath
  6591 | D:7      | HP: 2/75 [gnoll sergeant/+1 antimagic trident (21)]
  6592 | D:7      | Mangled by a gnoll sergeant

Illustrated notes

Levels and vault maps discovered:
D:1:      dpeg_arrival_leaves_temple_mockup, layout_basic
D:2:      layout_basic, hellmonk_ecumenical_altar_watching_god, basic_altar,
          nicolae_shop_vocational
D:3:      layout_loops_ring, nicolae_qazlal_scattered_showers
D:4:      layout_rooms, lemuel_crystal_altar, portal_sewer_entry_b
D:5:      layout_loops_corners, nicolae_ru_great_annihilating_truth,
          minmay_temple_entry_drinking_statues
D:6:      layout_loops_cross, serial_shops, nicolae_shop_getting_attention,
          grunt_decor_junction
D:7:      layout_loops_corners, gammafunk_ghost_wrathful_warriors,
          minmay_misc_feat_more_columns

Skill      XL: |  1  2  3  4  5  6  7  8  9 |
---------------+----------------------------+-----
Axes           | 3 4 5 7 8 11 | 11.5
Fighting       | 4 5 6 |  6.0
Shields        | 4 5 |  5.1
Armour         | 4 5 6 7 |  7.3
Dodging        | 1 2 |  2.9
Shapeshifting  | |  0.2

Action                     |  1- 3 |  4- 6 |  7- 9 || total
---------------------------+-------+-------+-------++-------
  Melee: War axe           |    81 |   145 |   161 ||   387
         Headbutt          |     9 |    26 |    30 ||    65
   Stab: Paralysed         |       |       |     1 ||     1
 Armour: Scale mail        |    43 |    43 |    49 ||   135
         Ring mail         |       |       |    26 ||    26
  Dodge: Dodged            |    46 |    70 |    86 ||   202
  Block: Buckler           |    19 |    23 |    27 ||    69
   Form: Beast             |     2 |     1 |       ||     3
         Anaconda          |     1 |       |       ||     1
                           |       |     1 |       ||     1

Table legend: (Time is in decaauts)
 A = Elapsed time spent in this place.
 B = Non-inter-level travel time spent in this place.
 C = Inter-level travel time spent in this place.
 D = Time resting spent in this place.
 E = Time spent auto-exploring this place.
 F = Levels seen in this place.
 G = Mean time per level.
                   A        B        C        D        E       F      G
               +--------+--------+--------+--------+--------+-----+--------+
         Total |   6811 |   6811 |      0 |    546 |   4735 |   8 |  851.4 |
       Dungeon |   5692 |   5692 |      0 |    431 |   3996 |   7 |  813.1 |
         Sewer |   1118 |   1118 |      0 |    115 |    738 |   1 | 1118.0 |
               +--------+--------+--------+--------+--------+-----+--------+

Top non-repeatable levels by time:
     D:5: 1442 daAuts
   Sewer: 1118 daAuts
     D:6: 914 daAuts
     D:1: 795 daAuts
     D:4: 741 daAuts
     D:3: 684 daAuts
     D:2: 594 daAuts
     D:7: 518 daAuts
